 Dungeon Crawl Stone Soup version 0.20.0-15-g7f486f2 (webtiles) character file.

6777 kuniqs the Blocker (level 11, 0/68 HPs)
             Began as a Gargoyle Fighter on June 9, 2017.
             Was an Elder of Okawaru.
             Slain by a spiny frog (8 damage)
             ... on level 1 of the Lair of Beasts.
             The game lasted 00:10:04 (7651 turns).

kuniqs the Blocker (Gargoyle Fighter)               Turns: 7651, Time: 00:10:04

Health: 0/68       AC: 21    Str: 20    XL:     11   Next: 4%
Magic:  14/14      EV:  8    Int: 10    God:    Okawaru [****..]
Gold:   424        SH: 11    Dex: 11    Spells: 7/10 levels left

rFire    . . .     SeeInvis .   K - +0 flail (crush)
rCold    . . .     Gourm    .   c - +0 shield
rNeg     + . .     Faith    .   i - +0 chain mail
rPois    ∞         Spirit   .   I - +0 helmet
rElec    +         Reflect  .   (no cloak)
rCorr    .         Harm     .   (no gloves)
MR       .....                  k - +0 pair of boots
Stlth    ..........             E - amulet of regeneration
Regen    0.7/turn               (no ring)
MPRegen  0.2/turn               (no ring)

@: no status effects
A: negative energy resistance 1, electricity resistance, unbreathing,
petrification resistance, rot immunity, AC +7
a: Heroism, Renounce Religion


You were on level 1 of the Lair of Beasts.
You worshipped Okawaru.
Okawaru was greatly pleased with you.
You were not hungry.

You visited 3 branches of the dungeon, and saw 12 of its levels.
You also visited: Sewer.

You collected 424 gold pieces.

Inventory:

Hand Weapons
 K - a +0 flail of crushing (weapon)
Missiles
 u - a throwing net
 F - 11 tomahawks (quivered)
Armour
 c - a +0 shield (worn)
 i - a +0 chain mail (worn)
 k - a +0 pair of boots (worn)
 I - a +0 helmet (worn)
Jewellery
 E - an amulet of regeneration (around neck)
 H - the amulet of Ysmoa {Harm *Drain rElec, unknown}
   (You found it on level 8 of the Dungeon)

   [amulet of harm]

   It increases damage dealt and taken.
   It insulates you from electricity.
   It causes draining when unequipped.
Scrolls
 j - 8 scrolls of remove curse {@r2}
 n - 8 scrolls of identify {unknown}
 o - 3 scrolls of random uselessness {unknown}
 p - 6 scrolls of teleportation {unknown}
 v - a scroll of fear {unknown}
 x - 2 scrolls of blinking {unknown}
 y - 2 scrolls of enchant weapon {unknown}
 z - 2 scrolls of noise {unknown}
 A - a scroll of recharging {unknown}
 D - a scroll of immolation {unknown}
 G - a scroll of amnesia {unknown}
Potions
 a - 5 potions of curing {unknown}
 b - 7 potions of haste {unknown}
 g - 4 potions of degeneration {unknown}
 h - 3 potions of lignification {unknown}
 r - 2 potions of flight {unknown}
 s - 2 potions of might
 t - a potion of heal wounds {unknown}
 w - a potion of mutation {unknown}
 B - 3 potions of brilliance {unknown}
 L - a potion of invisibility {unknown}
Comestibles
 d - 5 bread rations
 e - 6 meat rations
 f - 25 fruits
 l - 10 chunks of flesh


   Skills:
 + Level 8.0 Fighting
 + Level 7.0 Maces & Flails
 + Level 5.0 Throwing
 + Level 8.0 Armour
 + Level 5.3 Dodging
 + Level 8.2 Shields
 + Level 4.7 Invocations


You had 7 spell levels left.
You knew the following spells:

 Your Spells              Type           Power        Failure   Level  Hunger
a - Portal Projectile     Hex/Tloc       #.....       100%        3    ####...


Dungeon Overview and Level Annotations

Branches:
Dungeon (10/15)            Temple (1/1) D:6            Lair (1/6) D:9
    Orc (0/2) D:10

Altars:
Cheibriados
Dithmenos
Elyvilon
Fedhas
Gozag
Hepliaklqana
Kikubaaqudgha
Makhleb
Nemelex Xobeh
Okawaru
Qazlal
Ru
Trog
Uskayaw
Vehumet
Xom
Yredelemnul
Zin
The Shining One

Shops:
D:7 (


Innate Abilities, Weirdness & Mutations

You are resistant to torment.
Your stone body is resilient. (AC +7)
You are immune to poison.
You resist negative energy. (rN+)
You are resistant to electric shocks. (rElec)
You can survive without breathing.
You are immune to petrification.
You are immune to rotting.


Message History

You sock the spiny frog!
The spiny frog is almost dead.
The spiny frog stings you!
* * * LOW HITPOINT WARNING * * *
You block the spiny frog's attack.
You hit the spiny frog but do no damage.
The spiny frog is almost dead.
The spiny frog closely misses you.
You hit the spiny frog but do no damage.
The spiny frog is almost dead.
You block the spiny frog's attack.
You hit the spiny frog.
You kill the spiny frog!
Okawaru accepts your kill.
Your Fighting skill increases to level 8!
Your Maces & Flails skill increases to level 7!
Your Throwing skill increases to level 5!
Your Armour skill increases to level 8!
The spiny frog stings you!
You die...

...F.........
...........#
#.........#
#...#..# #..#
##..# #..r#
##..F##
###...#@#
#....####
##...#
####...##
#.....##
####....##
#.#...###
###†.###
###...##


You could see a spiny frog and a porcupine.

Vanquished Creatures
  Pikel (D:6)
  2 spiny frogs (Lair:1)
  A troll (D:9)
  A hippogriff (D:10)
  Grinder (D:5)
  Sigmund (D:5)
  10 yaks
  A wraith (D:10)
  A yak (shapeshifter) (D:10)
  Eustachio (D:5)
  A hungry ghost (D:9)
  An ice beast (D:8)
  A black bear (D:9)
  2 sky beasts
  A slave (D:6)
  4 necrophages
  4 ogres
  2 phantoms (D:5)
  A centaur (D:5)
  A crocodile (Lair:1)
  3 big kobolds
  3 bullfrogs
  Blork the orc (D:5)
  A scorpion (D:4)
  A water moccasin skeleton (D:5)
  A howler monkey (D:5)
  2 crimson imps (D:7)
  A jelly (D:10)
  2 centaur skeletons
  3 orc priests
  A hound (D:9)
  6 orc wizards
  5 iguanas
  5 worker ants
  A hound zombie (D:7)
  A hound skeleton (D:8)
  8 gnolls (D:3)
  2 howler monkey skeletons
  5 adders
  2 river rats
  A shadow imp (D:10)
  4 oozes
  An adder zombie (D:9)
  6 dart slugs
  7 leopard geckos
  25 orcs
  9 giant cockroaches
  7 goblins
  11 hobgoblins
  11 jackals
  11 kobolds
  5 quokkas
  4 ball pythons
  9 bats
  5 frilled lizards
  A leopard gecko skeleton (D:3)
  10 rats
219 creatures vanquished.

Vanquished Creatures (others)
  An orc (D:3)
1 creature vanquished.

Grand Total: 220 creatures vanquished

Notes
Turn   | Place    | Note
-------+----------+-------------------------------------------
     0 | D:1      | kuniqs the Gargoyle Fighter began the quest for the Orb.
     0 | D:1      | Reached XP level 1. HP: 14/14 MP: 1/1
    90 | D:1      | Reached XP level 2. HP: 14/19 MP: 2/2
   310 | D:1      | Reached XP level 3. HP: 15/23 MP: 3/3
   846 | D:2      | Found a sparkling altar of Nemelex Xobeh.
  1090 | D:2      | Reached XP level 4. HP: 25/29 MP: 4/4
  1198 | D:2      | Reached skill level 1 in Dodging
  1557 | D:2      | Found a shadowy altar of Dithmenos.
  1657 | D:3      | Found a glowing drain.
  1685 | D:3      | Reached XP level 5. HP: 32/33 MP: 5/5
  1697 | Sewer    | Entered a sewer
  1763 | Sewer    | Noticed a big kobold
  1793 | Sewer    | Killed a big kobold
  1822 | Sewer    | Found a glowing silver altar of Zin.
  1982 | D:3      | Found a snail-covered altar of Cheibriados.
  1995 | D:3      | Reached XP level 6. HP: 39/39 MP: 6/6
  2626 | D:4      | Reached XP level 7. HP: 43/44 MP: 7/7
  2764 | D:4      | Reached skill level 1 in Throwing
  2764 | D:4      | Reached skill level 5 in Shields
  2775 | D:4      | Identified Sif Muna's Catalogue of Blistering Arcane Weapons
  3113 | D:5      | Entered Level 5 of the Dungeon
  3122 | D:5      | Noticed Sigmund
  3143 | D:5      | Killed Sigmund
  3143 | D:5      | Reached skill level 5 in Fighting
  3164 | D:5      | Noticed Eustachio
  3215 | D:5      | Killed Eustachio
  3215 | D:5      | Reached skill level 5 in Armour
  3215 | D:5      | Reached XP level 8. HP: 22/50 MP: 8/8
  3536 | D:5      | Noticed Blork the orc
  3550 | D:5      | Killed Blork the orc
  3598 | D:5      | Reached skill level 5 in Maces & Flails
  3833 | D:5      | Noticed Grinder
  3855 | D:5      | Killed Grinder
  4174 | D:6      | Noticed Pikel
  4194 | D:6      | Killed Pikel
  4194 | D:6      | Reached XP level 9. HP: 56/56 MP: 9/9
  4208 | D:6      | Found a staircase to the Ecumenical Temple.
  4224 | Temple   | Entered the Ecumenical Temple
  4262 | Temple   | Became a worshipper of Warmaster Okawaru
  4460 | D:7      | Found a sacrificial altar of Ru.
  4461 | D:7      | Found a hazy altar of Hepliaklqana.
  4511 | D:7      | Found an ancient bone altar of Kikubaaqudgha.
  4511 | D:7      | Found an opulent altar of Gozag.
  4553 | D:7      | Found Ebeuvid's Antique Weapon Shop.
  4674 | D:7      | Reached skill level 1 in Invocations
  5207 | D:7      | Found a blossoming altar of Fedhas.
  5601 | D:8      | Got a slimy crystal amulet
  5795 | D:8      | Reached * piety under Okawaru
  5851 | D:8      | Reached XP level 10. HP: 59/63 MP: 10/12
  5915 | D:8      | Reached ** piety under Okawaru
  6018 | D:8      | Learned a level 3 spell: Portal Projectile
  6208 | D:9      | Found a white marble altar of Elyvilon.
  6373 | D:9      | Found a staircase to the Lair.
  6657 | D:10     | Entered Level 10 of the Dungeon
  6728 | D:10     | Found a staircase to the Orcish Mines.
  7139 | D:10     | Found a burning altar of Makhleb.
  7241 | D:10     | Reached skill level 5 in Dodging
  7457 | Lair:1   | Entered Level 1 of the Lair of Beasts
  7459 | Lair:1   | Noticed a spiny frog
  7479 | Lair:1   | Killed a spiny frog
  7479 | Lair:1   | Reached *** piety under Okawaru
  7544 | Lair:1   | Reached XP level 11. HP: 24/68 MP: 14/14
  7651 | Lair:1   | Reached **** piety under Okawaru
  7651 | Lair:1   | Reached skill level 5 in Throwing
  7651 | Lair:1   | Slain by a spiny frog

Skill      XL: |  1  2  3  4  5  6  7  8  9 10 11 |
---------------+----------------------------------+-----
Dodging        | 1 2 3 4 5 |  5.3
Shields        | 4 5 6 7 8 |  8.2
Maces & Flails | 3 4 5 6 7 |  7.0
Fighting       | 4 5 6 7 8 |  8.0
Armour         | 4 5 6 7 8 |  8.0
Throwing       | 1 3 4 5 |  5.0
Invocations    | 2 4 |  4.7

Action                   |  1- 3 |  4- 6 |  7- 9 | 10-12 || total
-------------------------+-------+-------+-------+-------++-------
Melee: Flail             |    95 |       |       |   127 ||   222
       Whip              |    36 |   279 |   574 |   224 ||  1113
       Mace              |       |       |       |    82 ||    82
  Use: Scroll            |       |       |     1 |       ||     1
  Eat: Chunk             |     1 |     5 |    11 |     7 ||    24
       Royal jelly       |       |       |       |     5 ||     5
Armor: Scale mail        |    40 |       |       |       ||    40
       Chain mail        |    56 |   178 |   263 |   181 ||   678
Dodge: Dodged            |    44 |    51 |   100 |   116 ||   311
Block: Shield            |    75 |   135 |   215 |   183 ||   608
